Map: Rhoskallian LE

Players

Massa - Winner!

  • Race: Terran Terran
  • League: Platinum
  • Spawn Location: 5:00

qqq - Winner!

  • Race: Zerg Zerg
  • League: Platinum
  • Spawn Location: 6:00

FragEmALL

  • Race: Zerg Zerg
  • Spawn Location: 11:00

KillEmAll

  • Race: Terran Terran
  • Spawn Location: 12:00

VOD

Have the link to the VOD?

Description

Time

  • Played on: Nov. 29, 2020, 10:45 a.m.
  • Length: 15:19
Show
View Real Time Build Order
Export as new Build Order

Massa Terran - Winner!

Build Orders:  

Get SALT Encoding   

  12  0:00  SCV  
  13  0:12  SCV  
  14  0:22  Supply Depot  
  14  0:25  SCV  
  15  0:30  Refinery  
  15  0:44  SCV  
  16  0:50  Barracks  
  16  0:56  SCV  
  17  1:08  SCV  
  18  1:24  SCV  
  19  1:36  SCV  
  19  1:38  Reaper  
  21  1:44  Command Center  
  21  1:50  Supply Depot  
  21  1:59  Orbital Command  
  21  2:10  Marine  
  21  2:13  Bunker  
  22  2:17  Supply Depot  
  22  2:26  SCV  
  23  2:35  Marine  
  24  2:38  Barracks  
  24  3:08  Marine  
  24  3:17  Orbital Command  
  24  3:20  SCV  
  24  3:22  Command Center  
  24  3:26  Barracks Tech Lab, Marine  
  26  3:33  SCV  
  27  3:45  SCV  
  27  3:46  Supply Depot  
  27  3:47  SCV  
  29  3:52  Engineering Bay  
  34  3:55  Stimpack  
  29  3:56  Marine  
  29  3:57  SCV, Marine  
  29  3:59  SCV  
  33  4:12  Refinery  
  33  4:13  SCV x2  
  33  4:14  Marine  
  33  4:15  Marine  
  37  4:18  Missile Turret  
  37  4:22  Missile Turret  
  37  4:25  SCV x2  
  39  4:32  Marauder, Marine  
  39  4:37  SCV  
  43  4:45  Orbital Command  
  39  4:53  Marine  
  39  4:54  Marauder  
  41  5:11  Marine  
  42  5:15  Marine  
  42  5:16  Factory  
  42  5:19  Factory  
  42  5:20  Refinery  
  43  5:24  SCV x3  
  43  5:25  Barracks  
  46  5:29  Marine  
  46  5:33  Marauder  
  46  5:35  Terran Infantry Weapons Level 1  
  49  5:36  SCV x2  
  49  5:39  Refinery  
  49  5:41  Combat Shield  
  51  5:47  Marine  
  51  5:48  SCV x2  
  51  5:49  SCV  
  55  5:54  Marauder  
  57  6:00  Factory Tech Lab, SCV  
  57  6:01  SCV x2  
  57  6:02  Factory Tech Lab  
  60  6:16  Barracks Reactor, Marauder  
  60  6:18  Starport  
  62  6:23  Armory  
  62  6:29  Orbital Command  
  62  6:34  Siege Tank  
  65  6:42  SCV x2  
  67  6:53  Marauder  
  69  6:54  Missile Turret  
  69  6:55  Barracks Tech Lab  
  69  6:58  Missile Turret x2  
  69  7:00  Concussive Shells  
  69  7:06  Barracks  
  69  7:19  Barracks  
  69  7:29  Terran Infantry Armor Level 1  
  69  7:31  Supply Depot  
  69  7:33  Supply Depot  
  69  7:35  Supply Depot  
  69  7:36  Supply Depot  
  69  7:40  Supply Depot  
  69  7:41  Supply Depot  
  69  7:42  Engineering Bay  
  69  7:44  Missile Turret  
  69  7:46  Missile Turret  
  69  7:53  SCV, Marauder, Medivac, Siege Tank  
  69  7:54  Marine x2  
  69  7:55  SCV x2, Marauder  
  83  8:05  SCV, Missile Turret  
  84  8:07  SCV x2  
  84  8:08  Barracks Reactor, Barracks Tech Lab  
  84  8:12  Marine x2  
  88  8:14  Marauder, Missile Turret  
  88  8:16  Marine  
  88  8:17  SCV  
  88  8:19  SCV x2  
  94  8:20  Missile Turret  
  94  8:22  Missile Turret  
  94  8:30  Marine x2  
  98  8:34  Marauder  
  98  8:36  Marauder  
  100  8:42  SCV x3  
  100  8:44  Command Center  
  100  8:47  Refinery  
  100  8:48  Refinery  
  103  8:53  Medivac  
  103  8:54  SCV x3  
  108  8:57  Marauder  
  110  9:06  SCV x2  
  110  9:23  Medivac  
  79  9:35  Marauder x2, Marine  
  79  9:36  Marauder, Marine x3  
  89  9:40  Siege Tank x2  
  95  9:53  Marine  
  95  9:54  Marine x3  
  95  9:56  Marauder  
  95  9:57  Marauder x2  
  105  10:01  SCV x3  
  108  10:09  Barracks  
  108  10:10  Barracks x2  
  108  10:11  Marine x2  
  108  10:12  Siege Tank  
  108  10:13  SCV x3  
  116  10:16  Thor  
  116  10:18  Marauder x3  
  128  10:25  SCV x3  
  128  10:37  SCV  
  128  10:38  SCV x2  
  131  10:54  Starport Reactor, Supply Depot  
  131  10:55  Terran Infantry Armor Level 2, Terran Infantry Weapons Level 2, Supply Depot  
  131  10:56  Supply Depot x2  
  131  10:57  Supply Depot x2  
  131  10:58  Supply Depot  
  131  10:59  Supply Depot  
  131  11:01  Supply Depot  
  131  11:13  Marauder x2  
  131  11:15  Thor  
  131  11:16  Marauder, Thor  
  139  11:31  Marine  
  139  11:32  Barracks Reactor, Barracks Tech Lab x2, Marine  
  140  11:33  Marine x2  
  140  11:35  Marauder x2  
  140  11:37  Marauder  
  149  11:49  Marine  
  150  11:56  Marauder x2  
  150  11:57  Marauder  
  150  11:58  Marauder, Marine, Thor  
  150  11:59  Marauder, Thor  
  173  12:02  Planetary Fortress  
  173  12:06  Missile Turret  
  173  12:07  Missile Turret  
  173  12:10  Medivac  
  173  12:11  Medivac  
  173  12:12  Missile Turret  
  173  12:13  Terran Vehicle Weapons Level 1  
  173  12:17  Marauder x2  
  173  12:19  Marauder x2  
  173  12:20  Marauder  
  181  12:23  Marine x6  
  181  12:25  Missile Turret  
  181  12:34  Refinery  
  181  12:35  Missile Turret  
  178  12:39  Refinery, Marauder x2  
  178  12:40  Marauder x2  
  178  12:41  Marine x5  
  178  12:42  Marauder  
  193  12:46  SCV  
  193  12:47  SCV x3  
  197  12:59  SCV x3  
  189  13:11  SCV x3  
  192  13:17  Missile Turret  
  192  13:23  Armory  
  192  13:30  Marauder  
  192  13:31  Marauder x3  
  200  13:37  Missile Turret  
  200  14:00  Missile Turret  
  200  14:18  Command Center  
  200  14:20  Missile Turret x2  
  200  14:22  Missile Turret  
  200  14:23  Missile Turret x2  
  200  14:42  Missile Turret  
  200  14:43  Missile Turret  
  187  14:53  Marauder x5, Marine x6  
  187  14:55  Hellbat  
Show
View Real Time Build Order
Export as new Build Order

qqq Zerg - Winner!

Build Orders: Hatch First 

Get SALT Encoding   

  12  0:02  Drone  
  13  0:10  Drone  
  14  0:26  Overlord  
  14  0:47  Hatchery  
  13  0:50  Drone  
  13  0:53  Drone  
  15  0:58  Drone  
  15  1:02  Drone  
  17  1:33  Drone x2  
  17  1:34  Spawning Pool  
  17  1:36  Extractor  
  17  1:49  Drone  
  17  1:51  Drone  
  19  2:04  Drone  
  20  2:10  Drone x2  
  20  2:12  Overlord  
  22  2:21  Zergling x2  
  23  2:23  Drone  
  23  2:29  Queen  
  26  2:30  Queen  
  26  2:32  Zergling x2  
  26  2:33  Drone  
  30  2:42  Metabolic Boost, Zergling x2  
  31  2:45  Drone  
  31  2:50  Extractor  
  31  2:53  Zergling x2  
  31  2:55  Drone  
  33  3:08  Drone  
  34  3:17  Extractor  
  34  3:18  Drone x2  
  35  3:31  Drone  
  35  3:33  Overlord  
  35  3:34  Overlord  
  36  3:37  Lair  
  36  3:39  Hatchery  
  35  3:46  Overlord  
  35  3:47  Overlord x2  
  35  3:55  Drone x3  
  38  4:01  Drone x2  
  40  4:11  Drone x2  
  40  4:13  Drone  
  43  4:23  Spine Crawler  
  42  4:27  Overlord  
  42  4:31  Drone x4  
  44  4:35  Drone  
  44  4:36  Spire  
  46  4:39  Extractor  
  46  4:40  Extractor  
  46  4:41  Drone x2  
  45  4:57  Zergling x8  
  45  4:58  Drone x2, Zergling x2  
  45  4:59  Drone  
  50  5:10  Queen  
  50  5:12  Spine Crawler  
  51  5:15  Drone x2  
  51  5:16  Spine Crawler  
  51  5:18  Drone x2  
  51  5:20  Drone  
  55  5:27  Overlord  
  55  5:31  Drone x2  
  57  5:36  Spine Crawler  
  57  5:40  Drone  
  57  5:41  Spine Crawler  
  56  5:47  Mutalisk x2  
  56  5:48  Mutalisk  
  62  5:50  Drone  
  62  5:53  Drone  
  62  5:56  Drone  
  62  5:57  Mutalisk  
  65  5:59  Mutalisk  
  65  6:03  Mutalisk  
  71  6:05  Mutalisk  
  71  6:07  Drone  
  75  6:11  Zergling x4  
  75  6:18  Zerg Flyer Weapons Level 1  
  76  6:20  Mutalisk  
  76  6:21  Mutalisk  
  76  6:22  Mutalisk  
  82  6:25  Overlord  
  82  6:34  Overlord  
  82  6:35  Overlord  
  82  6:38  Overlord  
  82  6:43  Queen  
  82  6:44  Drone x2  
  82  6:45  Drone  
  87  6:47  Mutalisk  
  87  6:52  Overlord  
  89  6:55  Drone  
  89  6:59  Mutalisk  
  92  7:04  Drone, Mutalisk x2, Zergling x2  
  92  7:05  Baneling Nest  
  92  7:06  Drone  
  98  7:12  Mutalisk  
  100  7:24  Mutalisk  
  98  7:48  Mutalisk x2  
  98  7:49  Mutalisk  
  98  8:00  Mutalisk  
  98  8:04  Drone x3  
  103  8:06  Spore Crawler  
  103  8:07  Extractor  
  103  8:09  Extractor  
  103  8:10  Spore Crawler  
  99  8:13  Spore Crawler  
  99  8:15  Spore Crawler  
  99  8:17  Spore Crawler  
  99  8:18  Spore Crawler  
  95  8:20  Spore Crawler  
  85  8:36  Drone x2  
  85  8:37  Drone  
  88  8:44  Zerg Flyer Armor Level 1  
  88  8:45  Mutalisk x2, Infestation Pit  
  88  8:46  Corruptor  
  88  8:47  Drone  
  94  9:02  Hatchery  
  93  9:04  Mutalisk, Corruptor  
  93  9:06  Drone  
  87  9:46  Mutalisk x3  
  87  9:47  Drone x3  
  96  9:58  Drone  
  97  10:07  Evolution Chamber  
  97  10:08  Hive  
  97  10:09  Evolution Chamber  
  95  10:25  Mutalisk, Corruptor  
  95  10:26  Corruptor x2  
  95  10:27  Drone x4  
  95  10:28  Zergling x6  
  107  10:29  Zergling x16  
  116  10:42  Zergling x4  
  118  10:43  Drone x3  
  118  10:45  Queen  
  123  10:53  Drone  
  123  10:54  Drone  
  125  11:03  Hatchery, Zerg Melee Weapons Level 1, Zerg Ground Armor Level 1  
  124  11:08  Hatchery  
  113  11:37  Mutalisk x3, Corruptor  
  113  11:38  Corruptor x2  
  113  11:39  Drone x5  
  124  11:40  Drone  
  120  11:54  Ultralisk Cavern  
  119  11:55  Greater Spire  
  119  12:03  Drone x4  
  123  12:10  Mutalisk x2  
  111  12:35  Drone x2  
  111  12:36  Drone  
  114  12:41  Ultralisk x3  
  132  12:51  Anabolic Synthesis  
  132  12:56  Overlord x5  
  132  12:57  Overlord x3  
  133  12:58  Drone x2  
  134  13:28  Drone x3  
  134  13:29  Drone x2  
  134  13:34  Chitinous Plating  
  139  13:49  Spine Crawler x2  
  139  13:50  Spine Crawler  
  136  13:59  Hatchery  
  129  14:25  Ultralisk  
  129  14:26  Ultralisk, Corruptor x4  
  129  14:28  Drone x3  
Show
View Real Time Build Order
Export as new Build Order

FragEmALL Zerg 

Build Orders: Pool First, Brood Lord Corruptor, Muta Ling Bane 

Get SALT Encoding   

  12  0:12  Overlord  
  12  0:13  Drone  
  13  0:18  Drone  
  14  0:28  Overlord  
  14  0:39  Drone  
  15  0:45  Drone  
  16  0:56  Drone  
  17  0:59  Spawning Pool  
  16  1:06  Drone  
  16  1:09  Extractor  
  16  1:22  Drone  
  17  1:31  Hatchery  
  16  1:34  Drone  
  17  1:45  Overlord  
  17  1:54  Queen  
  17  2:01  Zergling x2  
  20  2:03  Drone  
  21  2:11  Drone  
  22  2:20  Metabolic Boost  
  22  2:22  Drone  
  23  2:41  Baneling Nest  
  23  2:43  Queen  
  24  2:55  Zergling x10  
  29  3:13  Drone x2  
  29  3:17  Extractor, Lair  
  29  3:18  Drone  
  29  3:19  Drone  
  32  3:25  Baneling  
  32  3:30  Drone x2  
  34  3:37  Drone  
  34  3:41  Drone  
  36  3:44  Baneling x2  
  36  3:48  Drone x2  
  37  3:49  Drone  
  39  4:01  Drone x2  
  39  4:02  Drone x2  
  43  4:09  Overlord  
  43  4:22  Drone  
  43  4:23  Overlord  
  44  4:25  Overlord  
  44  4:26  Overlord  
  41  4:56  Zergling x10  
  41  4:57  Zergling x4  
  45  5:04  Extractor  
  44  5:07  Spire  
  44  5:09  Drone  
  44  5:10  Drone  
  45  5:24  Extractor  
  45  5:25  Baneling x3  
  44  5:34  Drone x4  
  48  5:40  Pneumatized Carapace  
  48  5:43  Drone x8  
  48  5:45  Hatchery  
  55  6:01  Evolution Chamber  
  55  6:02  Drone  
  55  6:24  Burrow  
  55  6:30  Drone x8  
  55  6:31  Drone  
  64  6:44  Spine Crawler  
  63  6:47  Infestation Pit  
  63  6:51  Zerg Melee Weapons Level 1  
  63  6:53  Mutalisk x2, Zerg Flyer Weapons Level 1  
  63  6:54  Mutalisk x4  
  64  6:58  Drone  
  64  6:59  Drone  
  64  7:00  Drone  
  64  7:01  Extractor, Queen  
  76  7:02  Extractor  
  77  7:14  Spore Crawler  
  76  7:20  Mutalisk x2  
  80  7:28  Nydus Network  
  77  7:46  Corruptor x2  
  79  8:05  Drone  
  79  8:06  Drone  
  79  8:10  Drone  
  79  8:11  Overlord x3  
  79  8:12  Overlord x7  
  82  8:13  Overlord x6  
  82  8:15  Hive  
  82  8:36  Centrifical Hooks  
  82  8:43  Evolution Chamber  
  82  8:45  Drone x4  
  82  8:46  Drone x7, Zerg Ground Armor Level 1  
  92  9:03  Baneling x5  
  92  9:04  Baneling x6  
  74  9:33  Mutalisk x3  
  74  9:34  Mutalisk x6  
  87  9:41  Spore Crawler  
  86  9:51  Mutalisk  
  86  9:52  Mutalisk x2  
  92  9:54  Zergling x2  
  92  9:55  Zergling x12  
  99  10:01  Mutalisk x2  
  103  10:07  Mutalisk  
  103  10:23  Corruptor x2  
  103  10:33  Corruptor x2  
  102  10:41  Zergling x2  
  102  10:42  Zergling x12  
  109  10:43  Zergling x6  
  112  10:57  Greater Spire  
  112  11:11  Zergling x10  
  114  11:12  Zergling x4  
  114  11:18  Zerg Melee Weapons Level 2  
  119  11:20  Adrenal Glands  
  119  11:21  Zergling x2  
  119  11:22  Zergling x6  
  103  11:48  Nydus Canal  
  83  12:42  Brood Lord  
  83  12:43  Brood Lord x3  
  88  12:46  Nydus Canal  
  88  12:48  Zergling x2  
  88  12:49  Zergling x16  
  88  12:50  Zergling x16  
  88  12:51  Zergling x8  
  108  12:54  Zerg Flyer Weapons Level 2  
  108  12:55  Corruptor x3  
  113  13:41  Corruptor x5  
  113  13:42  Corruptor x3  
  129  14:05  Hydralisk Den  
  128  14:16  Hatchery  
  127  14:25  Nydus Canal  
  127  14:36  Brood Lord  
  127  14:37  Brood Lord  
  92  15:10  Spine Crawler x3  
Show
View Real Time Build Order
Export as new Build Order

KillEmAll Terran 

Build Orders: 2 Factory, Cyclone Opening 

Get SALT Encoding   

  12  0:00  SCV  
  13  0:12  SCV  
  14  0:24  Supply Depot  
  14  0:25  SCV  
  15  0:33  Refinery  
  15  0:49  SCV  
  16  0:50  Barracks  
  16  0:58  Supply Depot  
  16  1:02  SCV  
  17  1:13  Refinery  
  17  1:14  SCV  
  18  1:27  SCV  
  19  1:39  SCV, Marine  
  21  1:40  Factory  
  21  1:51  SCV  
  22  1:57  Barracks Tech Lab  
  22  2:05  SCV  
  22  2:06  Factory  
  23  2:26  Barracks Reactor, Barracks  
  23  2:32  Orbital Command  
  23  2:43  Cyclone  
  26  2:56  Factory Tech Lab  
  26  3:12  Supply Depot  
  26  3:15  Barracks Tech Lab  
  26  3:18  Cyclone  
  26  3:19  Engineering Bay  
  29  3:31  Marine x2  
  29  3:34  Cyclone  
  34  3:44  Supply Depot  
  34  3:45  SCV  
  35  3:52  Missile Turret  
  35  3:59  Cyclone  
  38  4:12  Supply Depot  
  41  4:17  Cyclone  
  41  4:18  Marine  
  42  4:25  Marine x2  
  42  4:29  SCV  
  39  4:58  Cyclone x2, Marine  
  39  4:59  Marine x2  
  41  5:16  Marine  
  42  5:30  Marine x2  
  42  5:34  Command Center  
  44  5:36  Supply Depot  
  43  5:44  Siege Tank  
  46  5:52  Missile Turret  
  46  5:59  Mag-Field Accelerator  
  46  6:11  Armory  
  46  6:20  Stimpack  
  46  6:22  Starport  
  46  6:30  SCV  
  47  6:33  Siege Tank  
  47  6:39  Marine  
  50  6:40  Marine  
  52  6:47  SCV  
  52  6:49  Missile Turret  
  53  6:59  Starport, Starport Reactor  
  53  7:05  SCV  
  54  7:10  Orbital Command  
  54  7:22  Marine x3  
  55  7:27  Refinery  
  55  7:28  Refinery  
  57  7:57  Marine, Siege Tank x2  
  57  7:58  Marine x2  
  66  7:59  SCV x2  
  66  8:05  Starport Tech Lab  
  68  8:11  SCV  
  47  8:34  Thor  
  47  8:35  Marine x3  
  47  8:38  SCV x2  
  58  8:46  Thor  
  64  8:50  SCV x2  
  66  8:57  Medivac  
  66  9:02  SCV x2  
  70  9:03  Supply Depot  
  67  9:20  Marine  
  67  9:21  Marine x2  
  58  9:33  Thor  
  64  9:38  Marine x2  
  64  9:39  Marine  
  67  9:47  Thor  
  67  9:48  SCV x2  
  75  9:56  Liberator  
  78  10:00  SCV x2  
  78  10:06  Supply Depot  
  80  10:12  SCV x2  
  82  10:19  Marine x2, Missile Turret  
  84  10:23  Smart Servos  
  84  10:27  Thor  
  84  10:28  Medivac  
  92  10:48  Medivac  
  94  11:06  Supply Depot  
  94  11:08  Supply Depot  
  94  11:13  SCV  
  94  11:14  SCV  
  94  11:16  Medivac  
  94  11:17  Raven  
  72  11:39  SCV x2  
  74  11:50  Thor  
  74  11:51  SCV x2  
  82  11:54  Missile Turret  
  82  12:03  SCV  
  82  12:04  SCV  
  84  12:11  Siege Tank  
  84  12:12  Marine x3  
  90  12:16  SCV x2  
  92  12:28  SCV x2, Supply Depot  
  94  12:37  Siege Tank  
  94  12:40  SCV x2  
  99  12:45  Combat Shield  
  99  12:52  SCV x2  
  101  13:01  Missile Turret  
  99  13:08  Siege Tank  
  102  13:21  Supply Depot  
  102  13:26  SCV x2  
  104  13:33  Command Center  
  104  13:38  Cyclone  
  104  13:39  Marine  
  104  13:40  Marine x2  
  110  13:49  Supply Depot  
  110  13:52  Ghost Academy  
  110  13:57  Factory  
  110  14:00  SCV x2  
  110  14:02  Marine x2  
  112  14:03  Marine  
  103  14:27  Ghost  
  103  14:30  SCV x2  
Tags
 
Add a new tag
Caveats
  • Supply blocks, unpowered buildings, or Contaminate may cause inaccurate times.
  • Supply counts are checked every 10 seconds.